 Dungeon Crawl Stone Soup version 0.24.0-125-gc4c63601f3 (webtiles) character file.

Game seed: 2559611605757151002, levelgen mode: deterministic

946 Divind the Cleaver (level 8, -1/70 HPs)
             Began as a Hill Orc Monk on Mar 6, 2020.
             Was a Believer of Beogh.
             Slain by a killer bee (3 damage)
             ... on level 8 of the Dungeon.
             The game lasted 00:14:52 (4610 turns).

Divind the Cleaver (Hill Orc Monk)                  Turns: 4610, Time: 00:14:53

Health: -1/70      AC: 11    Str: 20 (21) XL:     8   Next: 13%
Magic:  8/8        EV:  9    Int:  9 (10) God:    Beogh [**....]
Gold:   266        SH:  0    Dex: 12 (13) Spells: 7/7 levels left

rFire    . . .     SeeInvis .   a - +0 hand axe
rCold    + . .     Gourm    .   (no shield)
rNeg     . . .     Faith    .   l - +0 chain mail
rPois    .         Spirit   .   d - +0 helmet
rElec    .         Reflect  .   (no cloak)
rCorr    .         Harm     .   (no gloves)
MR       .....                  (no boots)
Stlth    ..........             m - amulet of the acrobat
HPRegen  0.21/turn              j - ring of protection from cold
MPRegen  0.11/turn              w - +5 ring of strength

@: lethally poisoned (-1 -> -8)
A: no striking features
a: Smiting, Renounce Religion


You were on level 8 of the Dungeon.
You worshipped Beogh.
Beogh was pleased with you.
You were not hungry.

You visited 1 branch of the dungeon, and saw 6 of its levels.

You collected 266 gold pieces.

Inventory:

Hand Weapons
 a - a +0 hand axe (weapon)
Armour
 b - a +0 robe
 d - a +0 helmet (worn)
 l - a +0 chain mail (worn)
Jewellery
 h - an uncursed amulet of the gourmand
 j - a ring of protection from cold (left hand)
 k - an uncursed amulet of magic regeneration
 m - an amulet of the acrobat (around neck)
 w - a +5 ring of strength (right hand)
 x - an uncursed ring of magical power
Wands
 p - a wand of disintegration (5)
 u - a wand of flame (14)
Scrolls
 g - 4 scrolls of remove curse
 i - 2 scrolls of immolation
 n - a scroll of fog {unknown}
 r - 2 scrolls of amnesia
 t - 3 scrolls of enchant armour {unknown}
 v - 3 scrolls of identify
 y - a scroll of teleportation
Potions
 e - a potion of curing
 o - a potion of haste
 q - 2 potions of flight
 s - 2 potions of magic
Comestibles
 c - 9 rations
 z - 6 chunks of flesh


   Skills:
 + Level 5.7 Fighting
 + Level 8.2 Axes
 * Level 5.6 Armour
 + Level 3.5 Dodging
 - Level 1.5 Stealth


You had 7 spell levels left.
You didn't know any spells.
Your spell library was empty.

Dungeon Overview and Level Annotations

Branches:
Dungeon (5/15)
 Temple: D:4-7

Altars:
Ashenzari
Elyvilon
Qazlal
Ru
Yredelemnul

Shops:
D:4 :


Message History

You feel weakened.
You feel dopey.
You feel clumsy. The killer bee closely misses you.
The killer bee barely misses you. x2
The killer bee stings you.
* * * LOW HITPOINT WARNING * * *
The killer bee stings you.
* * * LOW HITPOINT WARNING * * *
You are lethally poisoned!
The killer bee poisons you! The killer bee stings you.
* * * LOW HITPOINT WARNING * * *
You feel better. The killer bee stings you.
* * * LOW HITPOINT WARNING * * *
You are poisoned.
The killer bee poisons you! The killer bee stings you.
* * * LOW HITPOINT WARNING * * *
The killer bee barely misses you. The killer bee stings you!
* * * LOW HITPOINT WARNING * * *
You are more poisoned.
The killer bee poisons you! The killer bee closely misses you.
The killer bee stings you.
You die...

####+##
#@yy..#
#yy...#
#..[...#
#...$.<#
.........
#######.#.#
...# ##


You could see 4 killer bees.

Vanquished Creatures
  Sigmund (D:2)
  Duvessa (D:5)
  An ice beast (D:5)
  A necrophage (D:5)
  A bullfrog (D:5)
  A scorpion (D:4)
  A crimson imp (D:5)
  A jelly (D:5)
  A bullfrog skeleton (D:4)
  A hound (D:2)
  An orc wizard (D:4)
  Ijyb (D:4)
  Terence (D:3)
  A worker ant (D:4)
  4 gnolls (D:4)
  An adder (D:3)
  A shadow imp (D:5)
  An ooze (D:5)
  5 worms
  3 dart slugs
  A leopard gecko (D:4)
  8 orcs
  7 giant cockroaches
  6 goblins
  5 hobgoblins
  17 jackals
  A ball python (D:1)
  7 bats
  3 frilled lizards
  2 giant cockroach zombies (D:5)
  4 kobolds
  A leopard gecko zombie (D:5)
  3 rats
  A spectral orc (D:2)
95 creatures vanquished.

Vanquished Creatures (others)
  An orc priest (D:5)
  Dowan (D:5)
  A worker ant (D:5)
  An orc (D:5)
4 creatures vanquished.

Grand Total: 99 creatures vanquished

Notes
Turn   | Place    | Note
-------+----------+-------------------------------------------
     0 | D:1      | Divind the Hill Orc Monk began the quest for the Orb.
     0 | D:1      | Reached XP level 1. HP: 19/19 MP: 1/1
   110 | D:1      | Found a shattered altar of Ashenzari.
   149 | D:1      | Reached XP level 2. HP: 25/27 MP: 2/2
   738 | D:1      | Reached skill level 1 in Armour
   842 | D:2      | Reached XP level 3. HP: 13/33 MP: 3/3
  1122 | D:2      | Reached XP level 4. HP: 39/40 MP: 4/4
  1177 | D:2      | Found a stormy altar of Qazlal.
  1178 | D:2      | Noticed an air elemental
  1217 | D:2      | Found a basalt altar of Yredelemnul.
  1352 | D:2      | Reached skill level 5 in Axes
  1419 | D:2      | Noticed Sigmund
  1440 | D:2      | Killed Sigmund
  1440 | D:2      | Reached skill level 6 in Axes
  1440 | D:2      | Reached XP level 5. HP: 41/47 MP: 5/5
  1440 | D:2      | Reached XP level 6. HP: 46/53 MP: 6/6
  1461 | D:2      | Noticed a water elemental
  1465 | D:2      | Noticed a fire elemental
  1679 | D:3      | Found a white marble altar of Elyvilon.
  1733 | D:3      | Noticed Terence
  1762 | D:3      | Killed Terence
  2400 | D:3      | Found a faded altar of an unknown god.
  2576 | D:4      | Reached skill level 5 in Fighting
  3071 | D:4      | Noticed Ijyb
  3158 | D:4      | Killed Ijyb
  3158 | D:4      | Reached XP level 7. HP: 51/61 MP: 7/7
  3189 | D:4      | Found Efiliup's Book Boutique.
  3306 | D:4      | Reached skill level 7 in Axes
  3497 | D:4      | Found a sacrificial altar of Ru.
  3617 | D:5      | Entered Level 5 of the Dungeon
  3923 | D:5      | Became a worshipper of Beogh the Brigand
  3923 | D:5      | Reached * piety under Beogh
  3923 | D:5      | Reached ** piety under Beogh
  3931 | D:5      | Noticed Dowan
  3933 | D:5      | Noticed Duvessa
  3960 | D:5      | Killed Duvessa
  3961 | D:5      | HP: 2/61 [Dowan/puff of flame (4)]
  3970 | D:5      | Killed Dowan
  4299 | D:5      | Reached skill level 5 in Armour
  4577 | D:5      | Reached XP level 8. HP: 45/70 MP: 8/8
  4583 | D:5      | Reached skill level 8 in Axes
  4602 | D:5      | You fall into a shaft and drop 3 floors!
  4610 | D:8      | HP: 2/70 [killer bee (7)]
  4610 | D:8      | Slain by a killer bee

Levels and vault maps discovered:
D:1:      minmay_arrival_four_circles, layout_basic, fountainhead,
          nicolae_ashenzari_panopticon
D:2:      layout_rooms, yredelemnul_forgotten_temple_becter, first_ration,
          serial_forest, infiniplex_forest_end_2, infiniplex_forest_straight_2,
          infiniplex_forest_fountain, infiniplex_forest_zigzag_1,
          infiniplex_forest_straight_2, infiniplex_forest_lined_4_way,
          infiniplex_forest_clump_double, infiniplex_forest_end_1,
          infiniplex_forest_clump_curved, nicolae_qazlal_style_of_elements,
          uniq_sigmund
D:3:      layout_basic, elyvilon_altar_5, chequers_ecumenical_altar_lobes,
          uniq_terence
D:4:      layout_cave_pools, lemuel_coloured_pillars_altar, serial_shops,
          nicolae_shop_behind_doors, chequers_serial_rivers_small_b,
          minmay_misc_feat_alley, uniq_ijyb
D:5:      layout_basic, nicolae_zen_rock_garden, uniq_duvessa
D:8:      layout_basic, nicolae_overflow_hidden_temple, chequers_garden,
          the_bakery, uniq_psyche

Skill      XL: |  1  2  3  4  5  6  7  8 |
---------------+-------------------------+-----
Armour         | 1 2 3 5 |  5.6
Fighting       | 4 5 |  5.7
Axes           | 6 7 8 |  8.2
Dodging        | 3 |  3.5
Stealth        | |  1.5

Action                   |  1- 3 |  4- 6 |  7- 9 || total
-------------------------+-------+-------+-------++-------
Melee: Hand axe          |    84 |   304 |   143 ||   531
Invok: Convert to Beogh  |       |       |     1 ||     1
  Use: Scroll            |       |    11 |       ||    11
       Potion            |       |       |     3 ||     3
 Stab: Sleeping          |     3 |       |       ||     3
  Eat: Chunk             |     1 |     6 |     6 ||    13
Armor: Robe              |    19 |       |       ||    19
       Chain mail        |    27 |   139 |    74 ||   240
Dodge: Dodged            |    57 |    95 |   101 ||   253
